 Dungeon Crawl Stone Soup version 0.31-b1-20-g67cafac56d (webtiles) character file.

Game seed: 12473680558731983704

321560 groovy9 the Sorcerer (level 20, -5/117 HPs)
             Began as a Deep Elf Conjurer on Jan 17, 2024.
             Was the Champion of Vehumet.
             Shot with a bolt by a yaktaur captain (45 damage)
             ... on level 4 of the Vaults on Jan 18, 2024.
             The game lasted 03:31:47 (58357 turns).

groovy9 the Sorcerer (Deep Elf Conjurer)           Turns: 58357, Time: 03:31:48

Health: -5/117     AC:  7    Str:  9    XL:     20   Next: 65%
Magic:  11/48      EV: 20    Int: 39    God:    Vehumet [******]
Gold:   2846       SH:  0    Dex: 22    Spells: 20/64 levels left

rFire   + + +        P - staff of conjuration
rCold   + + .        K - orb {mayhem}
rNeg    + + .        S - +1 robe of the Insatiable Planets {rF++}
rPois   +            E - +2 hat {Int+3}
rElec   .            a - scarf {rC+ rF+}
rCorr   .            F - +0 pair of gloves of the Equinox {*Slow rC+ rN+ Str+5}
SInv    +            X - +0 pair of boots of Vlad {Int+3}
Will    ++...        i - amulet of regeneration
Stlth   +++++        W - ring of Plog {^Drain rPois Dex+6 Slay+3 SInv}
HPRegen 1.19/turn    y - ring of Ineuhy {+Blink rN+ Dex+3 SInv}
MPRegen 0.31/turn

%: slow self (1%), mayhem
@: marked, studying Long Blades, invisible
A: no striking features
}: 2/15 runes: decaying, serpentine
a: Renounce Religion, Evoke Blink


You were on level 4 of the Vaults.
You worshipped Vehumet.
Vehumet was exalted by your worship.
You visited 7 branches of the dungeon, and saw 35 of its levels.
You also visited: Ice Cave and Volcano.

You collected 3726 gold pieces.
You spent 880 gold pieces at shops.

Inventory:

Armour
 a - a scarf of resistance (worn)
 E - a +2 hat of intelligence (worn)
 F - the +0 pair of gloves of the Equinox (worn) {*Slow rC+ rN+ Str+5}
   (You found it on level 4 of the Lair of Beasts)

   Str+5:     It affects your strength (+5).
   rC+:       It protects you from cold.
   rN+:       It protects you from negative energy.
   *Slow:     It may slow you when you take damage.
 K - an orb of mayhem (worn)
 S - the +1 robe of the Insatiable Planets (worn) {rF++}
   (You found it on level 12 of the Dungeon)

   rF++:      It greatly protects you from fire.
 X - the +0 pair of boots of Vlad (worn) {Int+3}
   (You found it on level 3 of the Swamp)

   Int+3:     It affects your intelligence (+3).
Magical Staves
 A - a staff of fire
 B - a staff of earth
 P - a staff of conjuration (weapon)
Jewellery
 b - an amulet of the acrobat
 i - an amulet of regeneration (around neck)
 y - the ring of Ineuhy (right hand) {+Blink rN+ Dex+3 SInv}
   (You acquired it on level 3 of the Snake Pit)

   [ring of see invisible]

   Dex+3:     It affects your dexterity (+3).
   rN+:       It protects you from negative energy.
   SInv:      It lets you see invisible.
   +Blink:    It lets you blink.
 M - a ring of fire
 W - the ring of Plog (left hand) {^Drain rPois Dex+6 Slay+3 SInv}
   (You acquired it on level 3 of the Swamp)

   [ring of see invisible]

   Dex+6:     It affects your dexterity (+6).
   Slay+3:    It affects your accuracy & damage with ranged weapons and melee
   (+3).
   rPois:     It protects you from poison SInv: It lets you see invisible.
   ^Drain:    It drains your maximum health when unequipped.
 Z - a +6 ring of intelligence
Wands
 v - a wand of polymorph (4)
 x - a wand of mindburst (33)
 C - a wand of flame (28)
 D - a wand of iceblast (48)
 O - a wand of digging (19)
 Q - a wand of light (18)
 U - a wand of paralysis (16)
Scrolls
 h - 7 scrolls of blinking
 j - 3 scrolls of amnesia
 k - a scroll of summoning
 o - 5 scrolls of enchant weapon
 p - 2 scrolls of revelation
 s - 2 scrolls of enchant armour
 t - 8 scrolls of immolation
 w - 6 scrolls of fear
 G - 4 scrolls of poison
 H - a scroll of brand weapon
 L - 11 scrolls of identify
 R - 10 scrolls of teleportation
 T - a scroll of fog
 V - a scroll of silence
Potions
 c - 2 potions of invisibility
 d - 5 potions of berserk rage
 e - 9 potions of curing
 f - 8 potions of lignification
 g - a potion of attraction
 l - 6 potions of cancellation
 m - 2 potions of mutation
 n - 2 potions of brilliance
 q - 4 potions of ambrosia
 r - 5 potions of haste
 z - 5 potions of enlightenment
 I - 2 potions of heal wounds
 J - a potion of resistance
 N - 2 potions of might
 Y - a potion of magic
Miscellaneous
 u - a phantom mirror


   Skills:
 - Level 10.0 Fighting
 - Level 10.0 Dodging
 - Level 10.0 Stealth
 + Level 22.6 Spellcasting
 + Level 21.3 Conjurations
 + Level 18.8 Fire Magic
 + Level 15.6 Earth Magic
 - Level 10.0 Evocations


You had 20 spell levels left.
You knew the following spells:

 Your Spells              Type           Power      Damage    Failure   Level
a - Magic Dart            Conj           100%       1d8       0%          1
b - Searing Ray           Conj           100%       2d8       0%          2
c - Fulminant Prism       Conj/Alch      56%        3d24      1%          4
d - Iskenderun's Mystic   Conj/Tloc      100%       2d19      1%          4
e - Fireball              Conj/Fire      70%        3d26      0%          5
f - Stone Arrow           Conj/Erth      100%       3d13      0%          3
g - Lehudib's Crystal Sp  Conj/Erth      68%        10d15     1%          8
h - Iskenderun's Battles  Conj           100%       2d15      0%          5
i - Passwall              Erth           100%       N/A       0%          3
j - Fire Storm            Conj/Fire      70%        8d18      4%          9

Your spell library contained the following spells:

 Spells                   Type           Power      Damage    Failure   Level
 Shatter                  Erth           52%        3d40*     21%         9
 Chain Lightning          Conj/Air       56%        3d75      82%         9
 Polar Vortex             Ice            22%        12d2*     100%        9
 Hailstorm                Conj/Ice       100%       3d16      0%          3
 Lee's Rapid Deconstruct  Erth           52%        3d25*     0%          5
 Freeze                   Ice            100%       1d10      1%          1
 Necrotise                Necr           100%       1d9       1%          1
 Call Imp                 Summ           88%        N/A       1%          2
 Ensorcelled Hibernation  Hex/Ice        88%        N/A       1%          2
 Mercury Vapours          Alch/Air       88%        N/A       1%          2
 Sublimation of Blood     Necr           44%        N/A       1%          2
 Frozen Ramparts          Ice            88%        1d14      1%          3
 Fugue of the Fallen      Necr           44%        N/A       1%          3
 Inner Flame              Hex/Fire       87%        N/A       1%          3
 Ozocubu's Armour         Ice            44%        N/A       1%          3
 Summon Ice Beast         Ice/Summ       44%        N/A       1%          3
 Swiftness                Air            44%        N/A       1%          3
 Tukima's Dance           Hex            44%        N/A       1%          3
 Vampiric Draining        Necr           44%        2d9       1%          3
 Animate Armour           Summ/Erth      100%       N/A       1%          4
 Leda's Liquefaction      Alch/Erth      40%        N/A       1%          4
 Petrify                  Alch/Erth      81%        N/A       1%          4
 Summon Blazeheart Golem  Fire/Summ      87%        N/A       1%          4
 Arcjolt                  Conj/Air       56%        1d66      1%          5
 Irradiate                Conj/Alch      56%        3d30      1%          5
 Plasma Beam              Fire/Air       43%        2x1d57    1%          6
 Orb of Destruction       Conj           71%        9d16      1%          7
 Spellforged Servitor     Conj/Summ      56%        N/A       1%          7
 Ignition                 Fire           56%        3d15      1%          8
 Cause Fear               Hex            22%        N/A       4%          4
 Dimensional Bullseye     Hex/Tloc       22%        N/A       4%          4
 Manifold Assault         Tloc           44%        N/A       4%          4
 Martyr's Knell           Necr/Summ      44%        N/A       4%          4
 Summon Lightning Spire   Summ/Air       44%        N/A       4%          4
 Vhi's Electric Charge    Tloc/Air       88%        N/A       4%          4
 Curse of Agony           Necr           44%        N/A       14%         5
 Metabolic Englaciation   Hex/Ice        22%        N/A       14%         5
 Sculpt Simulacrum        Ice/Alch       22%        N/A       61%         6
 Summon Hydra             Summ           22%        N/A       99%         7
 Maxwell's Capacitive Co  Air            22%        ∞         99%         8
 Dragon's Call            Summ           22%        N/A       100%        9


Dungeon Overview and Level Annotations

Branches:
Dungeon (15/15)            Temple (1/1) D:5            Lair (5/5) D:9
  Swamp (4/4) Lair:2        Snake (4/4) Lair:2        Slime (0/5) Lair:5
    Orc (2/2) D:10            Elf (0/3) Orc:2        Vaults (4/5) D:14
  Crypt (0/3) Vaults:2     Depths (0/4) D:15          IceCv (visited)
Volcano (visited)

Altars:
Ashenzari
Cheibriados
Dithmenos
Elyvilon
Fedhas
Gozag
Hepliaklqana
Kikubaaqudgha
Makhleb
Nemelex Xobeh
Okawaru
Qazlal
Ru
Sif Muna
Trog
Uskayaw
Vehumet
Wu Jian
Xom
Yredelemnul
Zin
The Shining One
Jiyva

Shops:
Orc:2 !![(   Snake:1 :

Portals:
Trove: Vaults:2 (give 12 potions of heal wounds)

Annotations:
D:3 1 runed translucent door, tab's ghost, amateur DgSh
D:7 Amaemon


Message History

You feel a surge of power!
The crystal spear misses the vault sentinel.
You hear a shout!
The vault sentinel blows a loud note on a signal horn!
You hear a shout! x3; You hear a horrible gurgling sound!
Casting: Lehudib's Crystal Spear (dangerous; 1% risk of failure)
Confirm with . or Enter, or press ? or * to list all spells.
Aiming: Lehudib's Crystal Spear (dangerous; 1% risk of failure)
Press: ? - help, Shift-Dir - straight line, f/p - vault sentinel
Aim: a vault sentinel, wielding a +0 arbalest and wearing a +0 scale mail (catching its breath, 81% to hit)
You feel a surge of power!
The crystal spear misses the vault sentinel.
The vault sentinel points at you and mumbles some strange words.
A sentinel's mark forms upon you.
Casting: Lehudib's Crystal Spear (dangerous; 1% risk of failure)
Confirm with . or Enter, or press ? or * to list all spells.
Aiming: Lehudib's Crystal Spear (dangerous; 1% risk of failure)
Press: ? - help, Shift-Dir - straight line, f/p - vault sentinel
Aim: a vault sentinel, wielding a +0 arbalest and wearing a +0 scale mail (81% to hit)
You feel a surge of power!
The crystal spear misses the vault sentinel.
The vault sentinel blows a loud note on a signal horn!
Your magical contamination has completely faded away.
As you read the scroll of teleportation, it crumbles to dust.
You feel strangely unstable.
The vault sentinel shoots a bolt.
The bolt misses you.
Your surroundings suddenly seem different.
You start resting.
Something unseen opens the door.
You start resting.
A yaktaur captain comes into view. It is wielding a +0 arbalest.
You fade into invisibility!
The yaktaur captain shoots a bolt.
The bolt hits you!!!
A purple ugly thing comes into view.
The yaktaur captain shoots a bolt.
The bolt misses you.
The purple ugly thing moves out of view.
You open the door.
The yaktaur captain shoots a bolt.
The bolt hits you!!!
You hear a shout!
You hear a roar!
The yaktaur captain shoots a bolt.
The bolt hits you!!!
You die...

....# #####
....# ....#
..### ##+ ..#
.. ..# #. ..#
#.#########
..#
#.@........
..#
#/..#........
..#
###.#........
..#
#.+........
..#
#.#........
..#
#.#........
..#
#.#........
..#
#.####c####
..# u.


You could see a yaktaur captain (unable to see you).

Vanquished Creatures
  Mara (Vaults:3)
  Bai Suzhen (Swamp:3)
  Nikola (Snake:1)
  A bone dragon (Swamp:4)
  Jory (Vaults:4)
  The ghost of Smee the Bludgeoner, an adept MiFi of Okawaru (Snake:2)
  An Ice Fiend (IceCv)
  Mlioglotl (Snake:1)
  The ghost of Suryr the Thaumaturge, an adept GnHW of Sif Muna (Swamp:3)
  2 acid blobs (Lair:5)
  The ghost of vinnietd the Tortoise, an adept HaFi of Trog (Snake:1)
  Gastronok (D:9)
  A thorn hunter (Swamp:3)
  Aizul (Snake:1)
  A fenstrider witch (Swamp:3)
  3 nagarajas
  4 vault wardens
  A frost giant (Vaults:4)
  A fire giant (Vaults:3)
  3 orc warlords (Vaults:2)
  A stone giant (Vaults:2)
  2 ghouls (Swamp:1)
  8 ironbound preservers
  5 ironbound thunderhulks
  2 very ugly things (Vaults:3)
  3 bunyips (Swamp:3)
  2 eleionomae
  15 dire elephants
  A war gargoyle (Vaults:2)
  Azrael (D:13)
  The ghost of gummybears the Cleaver, a journeyman MiFi of the Shining One (D:11)
  Snorg (D:12)
  A fire dragon (Lair:5)
  Harold (D:9)
  8 yaktaur captains
  3 entropy weavers
  2 shambling mangroves (Swamp:3)
  The ghost of Taul the Basher, a journeyman MiFi of Ashenzari (D:10)
  Fannar (Lair:3)
  A servant of whispers (Vaults:2)
  A catoblepas (D:15)
  5 salamander tyrants
  3 vault guards
  2 great orbs of eyes (Vaults:3)
  15 hydras
  7 ironbound frosthearts
  A ghost crab (Swamp:4)
  3 boulder beetles
  2 ogre magi
  15 anacondas
  9 alligators
  The ghost of Arctor the Ducker, a journeyman GnHs of Fedhas (D:10)
  4 two-headed ogres
  Erica (D:9)
  4 centaur warriors
  11 naga sharpshooters
  2 tengu warriors
  9 naga warriors
  A deep troll earth mage (D:15)
  The ghost of Marethyu the Impaler, a novice MfGl of Okawaru (D:10)
  5 orc high priests
  The ghost of MysticSailboat the Cruncher, a novice DrAE of Hepliaklqana (D:10)
  14 shock serpents
  9 death yaks
  16 spriggans
  A spriggan berserker (Swamp:2)
  Sonja (Orc:1)
  The ghost of cowcol the Cleaver, a novice MiFi of Okawaru (D:9)
  5 skysharks
  A fire crab (D:15)
  4 salamander mystics (Snake:4)
  13 goliath frogs
  4 skeletal warriors
  26 deep trolls
  A death drake (Swamp:4)
  4 spriggan druids (Swamp:4)
  5 naga ritualists
  12 mana vipers
  An obsidian statue (IceCv)
  6 arcanists
  2 swamp dragons
  3 spectral hydras (Swamp:4)
  10 spriggan simulacra (IceCv)
  A harpy (shapeshifter) (D:15)
  5 lindwurms
  Pikel (D:7)
  7 bog bodies
  A necromancer (Vaults:3)
  2 deep elf archers (Volcano)
  A harpy (Vaults:1)
  3 alligator zombies (Swamp:4)
  2 spectral alligators (Swamp:4)
  11 orc knights
  4 phantasmal warriors
  11 deep elf pyromancers
  7 ironbound convokers
  2 wolf spiders (Lair:5)
  4 manticores
  26 ugly things
  6 orc sorcerers
  A meliai (shapeshifter) (D:13)
  7 cyclopes
  18 elephants
  11 salamanders
  A moth of wrath (Swamp:3)
  3 meliai
  10 naga magi
  4 kobold blastminers (Orc:2)
  31 black mambas
  14 vault sentinels
  A gargoyle (D:13)
  7 guardian serpents
  Maggie (D:9)
  An ice statue (Snake:3)
  19 cane toads
  7 torpor snails
  An orange demon (D:8)
  Jeremiah (D:7)
  An efreet (D:14)
  3 rime drakes
  3 swamp worm zombies (Swamp:4)
  2 freezing wraiths
  An unseen horror (D:8)
  18 yaktaurs
  11 komodo dragons
  2 golden dragon simulacra (IceCv)
  6 ice devils (IceCv)
  2 hydra zombies (Swamp:4)
  9 trolls
  5 bloated husks
  2 saltlings (Vaults:2)
  25 hornets
  A polar bear (Lair:3)
  12 tyrant leeches
  A blink frog (shapeshifter) (D:15)
  25 blink frogs
  A spectral swamp dragon (Swamp:4)
  A tarantella (Vaults:3)
  28 slime creatures
  A spectral black mamba (Snake:2)
  2 shadows
  4 tyrant leech zombies (Swamp:4)
  2 vampires
  42 yaks
  An elf skeleton (Vaults:3)
  3 hogs (Snake:1)
  18 wyverns
  6 fire elementals
  6 wraiths
  A dire elephant simulacrum (IceCv)
  3 wargs
  7 basilisks
  7 redbacks
  18 vampire mosquitoes
  A harpy simulacrum (IceCv)
  7 minotaur simulacra (IceCv)
  11 swamp worms
  A glowing shapeshifter zombie (Vaults:3)
  25 nagas
  4 acid dragons
  24 water moccasins
  A hydra simulacrum (IceCv)
  9 hell hounds
  4 swamp drakes
  26 orc warriors
  4 swamp dragon zombies (Swamp:4)
  3 sky beasts
  A black bear (D:5)
  4 ice beasts
  2 ettin simulacra (IceCv)
  3 black mamba simulacra (Snake:2)
  6 ogres
  A boggart (Vaults:1)
  24 centaurs
  22 wolves
  7 phantoms (Swamp:4)
  2 lemures (D:7)
  5 kobold brigands
  3 scorpions
  15 bullfrogs
  5 deep troll simulacra (IceCv)
  2 gnoll sergeants
  2 naga simulacra (Snake:2)
  A necrophage (Swamp:1)
  3 wights (D:9)
  A human simulacrum (Vaults:3)
  12 killer bees
  5 howler monkeys
  2 lindwurm simulacra (IceCv)
  6 electric eels
  Crazy Yiuf (D:7)
  6 hounds
  A bombardier beetle (D:5)
  14 orc priests
  4 jellies
  A gnoll bouda (D:5)
  2 iguanas (D:7)
  4 hell rats (Lair:5)
  18 orc wizards
  2 sleepcaps
  7 gnolls
  6 river rats (Lair:5)
  4 adders
  2 shadow imps (D:8)
  A white imp (D:8)
  2 ufetubi (D:5)
  A dart slug (D:3)
  A ribbon worm (D:3)
  60 orcs
  4 bats (D:1)
  3 endoplasms
  8 giant cockroaches
  7 goblins
  9 hobgoblins
  17 kobolds
  3 quokkas
  7 ball pythons
  2 frilled lizards
  13 rats
1306 creatures vanquished.

Vanquished Creatures (collateral kills)
  Donald (Vaults:2)
  A formless jellyfish (Vaults:3)
  2 ironbound preservers (Vaults:3)
  A very ugly thing (Vaults:3)
  2 dire elephants (Vaults:1)
  A yaktaur captain (Vaults:3)
  A salamander tyrant (Snake:4)
  4 vault guards
  An anaconda (Snake:1)
  A centaur warrior (Vaults:2)
  2 deep trolls (Vaults:1)
  A spectral anaconda (Snake:2)
  2 ironbound convokers (Vaults:2)
  An orc knight (Vaults:2)
  A tengu skeleton (Vaults:3)
  2 salamanders (Snake:4)
  2 vault sentinels
  3 yaktaurs
  An alligator simulacrum (IceCv)
  A hornet (Lair:5)
  A spectral naga (Snake:2)
  10 slime creatures (Vaults:2)
  A spectral black mamba (Snake:2)
  A spectral salamander (Snake:2)
  A swamp worm (Swamp:3)
  A minotaur simulacrum (IceCv)
  3 nagas
  2 deep troll simulacra (IceCv)
  18 fire vortices
69 creatures vanquished.

Vanquished Creatures (others)
  Kirke (Snake:1)
  2 ironbound preservers (Vaults:1)
  A dire elephant (Vaults:2)
  A salamander mystic (Snake:3)
  A mana viper (Snake:4)
  A spriggan druid (Swamp:4)
  An ironbound convoker (Vaults:2)
  2 ice devils (IceCv)
  A swamp dragon zombie (Swamp:4)
  A centaur (D:15)
  73 fire vortices
  18 fulminant prisms
103 creatures vanquished.

Grand Total: 1478 creatures vanquished

Notes
Turn   | Place    | Note
-------+----------+-------------------------------------------
     0 | D:1      | groovy9 the Deep Elf Conjurer began the quest for the Orb.
     0 | D:1      | Reached XP level 1. HP: 10/10 MP: 6/6
   175 | D:1      | Reached XP level 2. HP: 15/15 MP: 6/8
   179 | D:1      | Learned a level 2 spell: Searing Ray
   707 | D:1      | Reached skill level 5 in Conjurations
   953 | D:2      | Reached XP level 3. HP: 19/19 MP: 2/10
  1351 | D:2      | Found a faded altar of an unknown god.
  1533 | D:2      | Reached skill level 4 in Spellcasting
  1732 | D:3      | Found an ancient bone altar of Kikubaaqudgha.
  1881 | D:3      | Reached XP level 4. HP: 24/24 MP: 7/12
  1886 | D:3      | Learned a level 4 spell: Fulminant Prism
  1995 | D:3      | Found a runed translucent door.
  2003 | D:3      | Noticed tab's ghost (amateur DgSh)
  2799 | D:4      | Noticed a scorpion
  2823 | D:4      | Killed a scorpion
  2824 | D:4      | Reached XP level 5. HP: 28/28 MP: 5/14
  3500 | D:5      | Entered Level 5 of the Dungeon
  3527 | D:5      | Noticed an ogre
  3539 | D:5      | Killed an ogre
  3540 | D:5      | Reached skill level 5 in Spellcasting
  3540 | D:5      | Reached XP level 6. HP: 5/32 MP: 8/16
  3937 | D:5      | Reached skill level 6 in Spellcasting
  3946 | D:5      | Reached XP level 7. HP: 35/36 MP: 0/18
  3960 | D:5      | Found a glowing silver altar of Zin.
  4111 | D:5      | Found a staircase to the Ecumenical Temple.
  4120 | Temple   | Entered the Ecumenical Temple
  4150 | Temple   | Became a worshipper of Vehumet
  4192 | D:5      | Learned a level 4 spell: Iskenderun's Mystic Blast
  4608 | D:6      | Reached skill level 7 in Spellcasting
  4930 | D:6      | Reached XP level 8. HP: 35/41 MP: 11/21
  5014 | D:6      | Learned a level 5 spell: Fireball
  5581 | D:7      | Noticed Jeremiah
  5590 | D:7      | Reached skill level 8 in Spellcasting
  5590 | D:7      | Reached skill level 10 in Conjurations
  5590 | D:7      | Reached skill level 1 in Fire Magic
  5634 | D:7      | Killed Jeremiah
  6038 | D:7      | Noticed Pikel
  6046 | D:7      | Killed Pikel
  6047 | D:7      | Reached skill level 9 in Spellcasting
  6047 | D:7      | Reached XP level 9. HP: 45/45 MP: 2/24
  6692 | D:7      | Found a shadowy altar of Dithmenos.
  6990 | D:7      | Found a runed translucent door.
  6991 | D:7      | Noticed Crazy Yiuf
  6999 | D:7      | Killed Crazy Yiuf
  7473 | D:8      | Killed an unseen horror
  7474 | D:8      | Reached skill level 10 in Spellcasting
  7474 | D:8      | Reached skill level 5 in Fire Magic
  7643 | D:8      | Reached * piety under Vehumet
  7643 | D:8      | Offered knowledge of Freeze by Vehumet.
  7763 | D:8      | Noticed Amaemon
  7763 | D:8      | Noticed an orange demon
  8175 | D:8      | Killed an orange demon
  8600 | D:8      | Found a sparkling altar of Nemelex Xobeh.
  8608 | D:8      | Found a stormy altar of Qazlal.
  8636 | D:8      | Found a burning altar of Makhleb.
  8639 | D:8      | Found a snail-covered altar of Cheibriados.
  8641 | D:8      | Found a shimmering blue altar of Sif Muna.
  8646 | D:8      | Found a white marble altar of Elyvilon.
  8679 | D:8      | Reached XP level 10. HP: 50/50 MP: 14/26
  8881 | D:8      | Noticed a meliai
  8882 | D:8      | Killed a meliai
  8885 | D:8      | Noticed a white ugly thing
  8900 | D:8      | Killed a white ugly thing
  8950 | D:8      | Reached skill level 11 in Spellcasting
  9048 | D:8      | Noticed a deep elf pyromancer
  9050 | D:8      | Killed a deep elf pyromancer
  9805 | D:9      | Reached skill level 1 in Fighting
 10083 | D:9      | Noticed Harold
 10096 | D:9      | Killed Harold
 10107 | D:9      | Found a staircase to the Lair.
 10137 | D:9      | Noticed Gastronok
 10429 | D:9      | Noticed Erica
 10434 | D:9      | Killed Erica
 10435 | D:9      | Reached XP level 11. HP: 34/57 MP: 16/28
 10788 | D:9      | Noticed Maggie
 10798 | D:9      | Killed Maggie
 10798 | D:9      | Reached ** piety under Vehumet
 10861 | D:9      | Offered knowledge of Static Discharge by Vehumet.
 11705 | D:9      | Killed Gastronok
 11706 | D:9      | Reached skill level 5 in Stealth
 11706 | D:9      | Reached skill level 12 in Spellcasting
 11921 | Lair:1   | Entered Level 1 of the Lair of Beasts
 12050 | Lair:1   | Reached skill level 5 in Dodging
 12484 | Lair:1   | Learned a level 3 spell: Stone Arrow
 13761 | Lair:2   | Reached XP level 12. HP: 66/66 MP: 20/30
 13762 | Lair:2   | Noticed an eight-headed hydra
 13767 | Lair:2   | Killed an eight-headed hydra
 13911 | Lair:2   | Reached skill level 13 in Spellcasting
 14028 | Lair:2   | Found a staircase to the Swamp.
 14051 | Lair:2   | Noticed a death yak
 14058 | Lair:2   | Killed a death yak
 14059 | Lair:2   | Offered knowledge of Hailstorm by Vehumet.
 14185 | Lair:2   | Found a dark tunnel.
 14190 | Volcano  | Entered a volcano
 14494 | Volcano  | Reached *** piety under Vehumet
 15044 | Lair:2   | Offered knowledge of Volatile Blastmotes by Vehumet.
 15045 | Lair:2   | Reached skill level 5 in Fighting
 15337 | Lair:2   | Found a staircase to the Snake Pit.
 15834 | Lair:2   | Reached skill level 15 in Conjurations
 16127 | Lair:2   | Reached XP level 13. HP: 62/73 MP: 18/32
 16205 | Lair:2   | Learned a level 8 spell: Lehudib's Crystal Spear
 16326 | Lair:3   | Reached skill level 14 in Spellcasting
 16466 | Lair:2   | Reached skill level 1 in Earth Magic
 16592 | D:10     | Entered Level 10 of the Dungeon
 16882 | D:10     | Found a staircase to the Orcish Mines.
 17096 | D:10     | Found an ornate altar of the Wu Jian Council.
 17154 | D:10     | Reached **** piety under Vehumet
 17297 | D:10     | Offered knowledge of Inner Flame by Vehumet.
 17424 | D:10     | Found a shimmering altar of Xom.
 17425 | D:10     | Found a hazy altar of Hepliaklqana.
 17692 | D:10     | Found a runed translucent gate.
 17692 | D:10     | Found a runed translucent gate.
 17694 | D:10     | Noticed MysticSailboat's ghost (novice DrAE)
 17695 | D:10     | Found a runed translucent gate.
 17697 | D:10     | Noticed Arctor's ghost (journeyman GnHs)
 17698 | D:10     | Noticed cowcol's ghost (novice MiFi)
 17698 | D:10     | Noticed Taul's ghost (journeyman MiFi)
 17700 | D:10     | Noticed Marethyu's ghost (novice MfGl)
 17709 | D:10     | Killed Taul's ghost
 17709 | D:10     | Killed MysticSailboat's ghost
 18063 | D:9      | Killed cowcol's ghost
 18202 | D:10     | Killed Arctor's ghost
 18327 | D:10     | Killed Marethyu's ghost
 18492 | Orc:1    | Entered Level 1 of the Orcish Mines
 18661 | Orc:2    | Entered Level 2 of the Orcish Mines
 18795 | Orc:2    | Reached ***** piety under Vehumet
 18834 | Orc:2    | Offered knowledge of Sticky Flame by Vehumet.
 18893 | Orc:2    | Found a staircase to the Elven Halls.
 19873 | Orc:2    | Reached skill level 10 in Stealth
 19878 | Orc:2    | Reached skill level 5 in Earth Magic
 20123 | Orc:1    | Noticed Sonja
 20128 | Orc:1    | Killed Sonja
 21030 | Orc:2    | Found Sankasel's Distillery.
 21159 | Orc:2    | Found Rothruudi's Antique Armour Shop.
 21163 | Orc:2    | Bought a potion of curing for 42 gold pieces
 21163 | Orc:2    | Bought a potion of curing for 42 gold pieces
 21163 | Orc:2    | Bought a potion of heal wounds for 70 gold pieces
 21163 | Orc:2    | Bought a potion of invisibility for 112 gold pieces
 21165 | Orc:2    | Found Toleisoh's Antique Weapon Shop.
 21167 | Orc:2    | Found Wuola's Distillery.
 21176 | Orc:2    | Bought a potion of might for 68 gold pieces
 21351 | D:11     | You fall into a shaft and drop 3 floors!
 21612 | D:14     | Found an iron altar of Okawaru.
 21763 | D:14     | Reached XP level 14. HP: 72/80 MP: 21/34
 21834 | D:14     | Found a gate to the Vaults.
 21834 | D:14     | Noticed an ironbound preserver
 22109 | D:13     | Offered knowledge of Brom's Barrelling Boulder by Vehumet.
 22255 | D:12     | Reached skill level 15 in Spellcasting
 22302 | D:11     | Reached skill level 10 in Dodging
 22613 | D:11     | Found a runed translucent gate.
 22614 | D:11     | Found a runed translucent gate.
 22614 | D:11     | Found a runed translucent gate.
 22621 | D:11     | Noticed gummybears's ghost (journeyman MiFi)
 23457 | D:11     | Killed gummybears's ghost
 24112 | D:12     | Noticed Snorg
 24118 | D:12     | Killed Snorg
 24376 | D:12     | Identified the +1 robe of the Insatiable Planets {rF++}
 24655 | D:11     | Identified a scroll of acquirement
 24655 | D:11     | Acquired 898 gold pieces
 25338 | D:13     | Noticed Azrael
 25361 | D:13     | Killed Azrael
 25523 | D:13     | Offered knowledge of Iskenderun's Battlesphere by Vehumet.
 25530 | D:13     | Learned a level 5 spell: Iskenderun's Battlesphere
 27022 | Lair:3   | Noticed Fannar
 27037 | Lair:3   | Killed Fannar
 27038 | Lair:3   | Reached skill level 16 in Spellcasting
 27394 | Lair:3   | Reached skill level 10 in Earth Magic
 28166 | Lair:4   | Reached XP level 15. HP: 88/88 MP: 28/37
 28618 | Lair:4   | Identified the +0 pair of gloves of the Equinox {*Slow rC+
                  | rN+ Str+5}
 29030 | Lair:4   | Acquired a staff of fire
 29235 | Lair:5   | Entered Level 5 of the Lair of Beasts
 29363 | Lair:5   | Found a runed translucent door.
 29364 | Lair:5   | Found a viscous altar of Jiyva.
 29365 | Lair:5   | Noticed an acid blob
 29366 | Lair:5   | Found a staircase to the Slime Pits.
 29366 | Lair:5   | Noticed an acid blob
 29378 | Lair:5   | Killed an acid blob
 29379 | Lair:5   | Killed an acid blob
 29989 | Lair:5   | Offered knowledge of Conjure Ball Lightning by Vehumet.
 30847 | Lair:5   | Reached skill level 17 in Spellcasting
 32225 | Lair:5   | Offered knowledge of Bombard by Vehumet.
 32831 | Lair:2   | Reached XP level 16. HP: 96/96 MP: 22/39
 32903 | Snake:1  | Entered Level 1 of the Snake Pit
 32911 | Snake:1  | Reached skill level 1 in Evocations
 32915 | Snake:1  | HP: 3/96 [naga ritualist/Olgreb's Toxic Radiance (2)]
 32918 | Snake:1  | Reached skill level 10 in Fire Magic
 33071 | Swamp:1  | Entered Level 1 of the Swamp
 34595 | Swamp:1  | Acquired a staff of conjuration
 34867 | Swamp:2  | Offered knowledge of Yara's Violent Unravelling by Vehumet.
 35390 | Swamp:2  | Reached skill level 18 in Spellcasting
 35878 | Swamp:3  | Noticed a thorn hunter
 36117 | Swamp:3  | Killed a thorn hunter
 36554 | Swamp:3  | Noticed Bai Suzhen
 36689 | Swamp:3  | Acquired the ring of Plog {^Drain rPois Dex+6 Slay+3 SInv}
 36697 | Swamp:3  | Found a transporter.
 36853 | Swamp:3  | Found a transporter.
 36854 | Swamp:3  | Noticed Suryr's ghost (adept GnHW)
 37179 | Swamp:3  | Killed Bai Suzhen
 37180 | Swamp:3  | Reached skill level 10 in Fighting
 37180 | Swamp:3  | Reached skill level 5 in Evocations
 37499 | Swamp:3  | Killed Suryr's ghost
 37501 | Swamp:3  | Reached XP level 17. HP: 96/102 MP: 11/41
 37612 | Swamp:3  | Identified the +0 pair of boots of Vlad {Int+3}
 37693 | Swamp:4  | Entered Level 4 of the Swamp
 38234 | Swamp:4  | Offered knowledge of Plasma Beam by Vehumet.
 39333 | Swamp:4  | Noticed a bone dragon
 39338 | Swamp:4  | Killed a bone dragon
 39886 | Swamp:4  | Got a decaying rune of Zot
 40817 | D:15     | Entered Level 15 of the Dungeon
 40976 | D:15     | Reached skill level 19 in Spellcasting
 41817 | D:15     | Found a staircase to the Depths.
 41910 | D:15     | Learned a level 3 spell: Passwall
 42310 | Snake:1  | Found a runed translucent door.
 42310 | Snake:1  | Noticed vinnietd's ghost (adept HaFi)
 42323 | Snake:1  | Killed vinnietd's ghost
 42421 | Snake:1  | Got Sif Muna's Vellum of the Stormy Pyre
 42432 | Snake:1  | Learned a level 9 spell: Fire Storm
 42604 | Snake:1  | Noticed Kirke
 42608 | Snake:1  | Killed Kirke
 42874 | Snake:1  | Noticed Mlioglotl
 42884 | Snake:1  | Killed Mlioglotl
 42952 | Snake:1  | Found Eskaoqoschu's Book Emporium.
 42983 | Snake:1  | Bought a book of Dangerous Friends for 546 gold pieces
 42985 | Snake:1  | Identified the serpent talisman "Kiesydax" {rCorr Str-5
                  | Dex+8 Slay-4}
 42985 | Snake:1  | Noticed Aizul
 42991 | Snake:1  | Killed Aizul
 43347 | Snake:1  | Noticed Nikola
 43379 | Snake:1  | Killed Nikola
 43955 | Snake:2  | Reached XP level 18. HP: 107/107 MP: 28/43
 44017 | Snake:2  | Reached ****** piety under Vehumet
 44252 | Snake:2  | Found a runed translucent gate.
 44252 | Snake:2  | Found a runed translucent gate.
 44252 | Snake:2  | Found a runed translucent gate.
 44267 | Snake:2  | Noticed Smee's ghost (adept MiFi)
 45610 | Snake:2  | Offered knowledge of Shatter by Vehumet.
 45610 | Snake:2  | Offered knowledge of Chain Lightning by Vehumet.
 45610 | Snake:2  | Offered knowledge of Polar Vortex by Vehumet.
 45700 | Snake:2  | Killed Smee's ghost
 46113 | Snake:3  | Acquired the ring of Ineuhy {+Blink rN+ Dex+3 SInv}
 46386 | Snake:3  | Found a glacial archway.
 46436 | IceCv    | Entered an ice cave
 46559 | IceCv    | Found the +3 Mad Mage's Maulers {Infuse+∞ VampMP -Cast}
 46755 | IceCv    | Noticed an Ice Fiend
 46758 | IceCv    | Reached skill level 20 in Spellcasting
 46759 | IceCv    | Killed an Ice Fiend
 46794 | IceCv    | Identified the ring "Sesot" {rF- rC+ Dex+4}
 47897 | Snake:4  | Entered Level 4 of the Snake Pit
 48836 | Snake:4  | Reached skill level 15 in Fire Magic
 50574 | Snake:4  | Reached XP level 19. HP: 112/112 MP: 31/45
 51361 | Snake:4  | Got a serpentine rune of Zot
 51794 | Vaults:1 | Entered Level 1 of the Vaults
 52243 | Vaults:1 | Reached skill level 21 in Spellcasting
 52356 | Vaults:1 | Reached skill level 10 in Evocations
 53711 | Vaults:2 | Found a staircase to the Crypt.
 53993 | Vaults:2 | Killed Donald
 54216 | Vaults:2 | Found a portal to a secret trove of treasure.
 55469 | Vaults:2 | Identified the +10 sling of Gezu {heavy, Int+2}
 55763 | Vaults:2 | Reached XP level 20. HP: 117/117 MP: 47/47
 56323 | Vaults:3 | Reached skill level 22 in Spellcasting
 56498 | Vaults:3 | Reached skill level 15 in Earth Magic
 56642 | Vaults:3 | Identified the +2 spear "Zoagan" {elec, *Rage ^Drain rF+++
                  | Stlth+}
 56684 | Vaults:3 | Noticed Mara
 56695 | Vaults:3 | Noticed groovy9's illusion
 56696 | Vaults:3 | Killed Mara
 58308 | Vaults:4 | Noticed Jory
 58315 | Vaults:4 | Killed Jory
 58357 | Vaults:4 | Shot with a bolt by a yaktaur captain

Illustrated notes

Levels and vault maps discovered:
D:1:      zelgadis_glass_arrival_small, layout_loops_ring, serial_forest,
          infiniplex_forest_end_double, infiniplex_forest_clump_tiny,
          infiniplex_forest_straight_1, infiniplex_forest_clump_large
D:2:      layout_rooms, hellmonk_ecumenical_altar_inner_sanctum, serial_glass,
          glass_columns_b, glass_columns_b, serial_bayou_pond_b
D:3:      minmay_chambers_of_twos, layout_rooms, mainiacjoe_overflow_brackets,
          ebering_ghost_reflecting_pool, minivault_26
D:4:      layout_basic
D:5:      layout_loops_ring, zin_statuary, minmay_temple_entry_trees,
          due_unseen_surprise
D:6:      layout_cave_pools, chequers_serial_rivers_large_a
D:7:      layout_layer_cave, mainiacjoe_overflow_24_doors, uniq_pikel,
          uniq_crazy_yiuf_cottage, uniq_jeremiah
D:8:      layout_basic, nicolae_overflow_hallway_of_the_gods, serial_curves,
          eino_curves_03, eino_curves_02, eino_curves_02, eino_curves_01,
          minmay_pinched_square, uniq_amaemon
D:9:      layout_layer_cave, erik_lair_island, uniq_maggie, uniq_erica,
          uniq_harold, uniq_gastronok
D:10:     layout_stronghold, regret_index_temple_of_mockery,
          mainiacjoe_overflow_boulevard, david_orc_1_choice,
          gammafunk_ghost_cemetery, serial_column_ruins,
          column_ruins_columns_corner, column_ruins_open_small,
          column_ruins_grid_4, column_ruins_columns_T
D:11:     layout_rooms, gammafunk_ghost_spectres, bh_walls_and_bars
D:12:     layout_basic, serial_aquarium, aquarium_bridge_island_small
          [aquarium_subvault_small_open, aquarium_subvault_window,
          aquarium_subvault_wall, aquarium_subvault_bridge,
          aquarium_subvault_bridge], aquarium_bridge_square
          [aquarium_subvault_bridge, aquarium_subvault_balcony,
          aquarium_subvault_bridge, aquarium_subvault_window],
          aquarium_window_3, aquarium_window_1, aquarium_view_2d,
          aquarium_balcony_1a, uniq_snorg
D:13:     layout_loops_corners, uniq_azrael
D:14:     layout_basic, skrybe_vaults_entry_preservation, okawaru_gym_becter
D:15:     hellmonk_depths_entry_around_the_bend, layout_basic,
          gauntlet_entry_generic
Temple:   jpeg_temple_alley_garden
Lair:1:   layout_cave_pods, nicolae_quartered_pool_medium
Lair:2:   layout_misc_corridors, swamp_mist, minmay_snake_entry_guardpost_small,
          enter_volcano_4
Lair:3:   layout_regular_city, uniq_fannar
Lair:4:   layout_regular_city, serial_bayou_shore_a
Lair:5:   wormcave, layout_regular_city, hangedman_lair_tendril_chambers,
          slime_entry_2, kennysheep_abandoned_house
Swamp:1:  layout_falls_marsh, evilmike_swamp_ruin_house_1
Swamp:2:  layout_basic_swamp, nicolae_swamp_fairy_circle, swamp_pool_5
Swamp:3:  cheibrodos_swamp_tower_of_moss, layout_basic_swamp,
          gammafunk_ghost_berserking_beasts, evilmike_swamp_ruin_house_2,
          swamp_pool_1_2, cheibrodos_swamp_witchery, uniq_bai_suzhen
Swamp:4:  swamp_pestilence, layout_basic_swamp, hangedman_swamp_blocks,
          swamp_pool_1_2, nicolae_swamp_tree_isthmus, infiniplex_staircase_pool
Snake:1:  layout_misc_corridors, ebering_ghost_inner_flame, serial_shops,
          nicolae_shop_waterfront, grunt_megastairs_1, uniq_nikola, uniq_aizul,
          uniq_kirke, uniq_mlioglotl
Snake:2:  layout_onion_interference, gammafunk_ghost_necromancy
Snake:3:  layout_basic, special_room, portal_ice_cave_entry_ice_statue_one
Snake:4:  snake_pit_salamanders_mu, layout_basic, serial_bayou_shore_b
Orc:1:    layout_diamond_mine, ebering_ghost_rock_garden, uniq_sonja
Orc:2:    st_orc_elflike, layout_diamond_mine
Vaults:1: nicolae_vaults_lightning_bolt, v_alt_pattern_6,
          nicolae_vaults_trapezoid_layered, ontoclasm_vaults_hangar,
          v_pattern_2, nicolae_vaults_yaktaur_gun_rack,
          nicolae_vaults_little_squares_6, nicolae_vaults_storage_room_water,
          nicolae_vaults_tetromino_Z_1, nicolae_vaults_door_testing_chamber,
          vaults_room_grunt_arrival_ludios, v_misc_17, layout_vaults_ring
Vaults:2: portal_desolation_entry_salt, ontoclasm_vaults_gallery,
          nicolae_vaults_network_square, ontoclasm_vaults_eye,
          vaults_room_door_ring, hangedman_vaults_stitches,
          nicolae_vaults_more_shelving_1, v_misc_30, minmay_orc_keep,
          nicolae_vaults_circle_grid_a, layout_vaults_quadrants,
          nicolae_trove_entry_isolated, uniq_donald
Vaults:3: v_rooms_1, v_alt_pattern_2, v_misc_12,
          ontoclasm_vaults_loading_screen, v_misc_3, v_rooms_5, v_pattern_1,
          vaults_room_ringed_pool, vaults_room_pools,
          nicolae_vaults_trapezoid_lopsided_4, v_misc_13,
          layout_vaults_maze_bifur, uniq_mara
Vaults:4: nicolae_vaults_network_quinsquares
          [nicolae_vaults_network_quincunx_subvault,
          nicolae_vaults_network_quincunx_subvault,
          nicolae_vaults_network_quincunx_subvault,
          nicolae_vaults_network_quincunx_subvault], hangedman_vaults_slice,
          v_misc_9, kennysheep_vaults_gozag_temple, ontoclasm_vaults_gateway,
          v_misc_19, nicolae_vaults_gold_heap, nicolae_vaults_trapezoid_2,
          nicolae_vaults_what_the_h, nicolae_vaults_apartment_2,
          nicolae_vaults_two_Ls, vaults_dpeg_hooks, layout_vaults_chaotic_city,
          uniq_jory

Skill      XL: |  1  2  3  4  5  6  7  8  9 10 11 12 13 14 15 16 17 18 19 20 |
---------------+-------------------------------------------------------------+-----
Conjurations   | 5 6 7 8 9 11 12 13 14 15 16 17 18 19 20 21 | 21.3
Spellcasting   | 4 5 6 7 9 10 11 12 13 14 16 17 18 19 20 21 22 | 22.6
Fire Magic     | 3 5 7 8 9 11 13 15 18 | 18.8
Stealth        | 4 6 9 10 | 10.0
Fighting       | 2 4 5 6 7 9 10 | 10.0
Dodging        | 3 6 8 9 10 | 10.0
Earth Magic    | 6 10 12 13 14 15 | 15.6
Evocations     | 5 7 9 10 | 10.0

Action                     |  1- 3 |  4- 6 |  7- 9 | 10-12 | 13-15 | 16-18 | 19-21 || total
---------------------------+-------+-------+-------+-------+-------+-------+-------++-------
  Melee: Staff             |       |       |       |       |    37 |     3 |       ||    40
   Cast: Magic Dart        |    55 |    43 |    23 |    34 |   297 |   370 |    27 ||   849
         Searing Ray       |    14 |    22 |    60 |    43 |     6 |       |       ||   145
         Iskenderun's Myst |       |       |    20 |    65 |   123 |    63 |    42 ||   313
         Fulminant Prism   |       |       |     1 |    13 |     4 |       |       ||    18
         Fireball          |       |       |     9 |    51 |    45 |    36 |     8 ||   149
         Stone Arrow       |       |       |       |   112 |   405 |   193 |    64 ||   774
         Lehudib's Crystal |       |       |       |       |    49 |   218 |   106 ||   373
         Iskenderun's Batt |       |       |       |       |    55 |    89 |     5 ||   149
         Fire Storm        |       |       |       |       |       |       |    43 ||    43
  Evoke: Wand              |       |       |       |       |       |     2 |       ||     2
    Use: Scroll            |       |     6 |     4 |     5 |    24 |    14 |     4 ||    57
         Potion            |       |       |     7 |     4 |     6 |     8 |     2 ||    27
 Armour: Robe              |     5 |     7 |    49 |   102 |   146 |   108 |    40 ||   457
  Dodge: Dodged            |     6 |     6 |    49 |    72 |   133 |    95 |    37 ||   398
